 Dungeon Crawl Stone Soup version 0.25-a0-251-g572059c536 (webtiles) character file.

Game seed: 473465431707532536, levelgen mode: classic

6353 Borgoz the Carver (level 10, -13/93 HPs)
             Began as a Minotaur Gladiator on Dec 4, 2019.
             Was a Follower of Makhleb.
             Mangled by a two-headed ogre
             ... wielding a +0 giant spiked club
              (26 damage)
             ... on level 10 of the Dungeon.
             The game lasted 00:11:16 (7532 turns).

Borgoz the Carver (Minotaur Gladiator)              Turns: 7532, Time: 00:11:17

Health: -13/93     AC: 16    Str: 20    XL:     10   Next: 65%
Magic:  9/9        EV: 13    Int:  5    God:    Makhleb [*.....]
Gold:   446        SH:  5    Dex: 14    Spells: 9/9 levels left

rFire    . . .     SeeInvis .   a - +2 long sword
rCold    . . .     Gourm    .   (no shield)
rNeg     . . .     Faith    .   e - +3 chain mail of the Game Afoot {rElec}
rPois    +         Spirit   .   c - +0 hat
rElec    +         Reflect  +   y - +1 cloak {rPois}
rCorr    .         Harm     .   (no gloves)
MR       .....                  (no boots)
Stlth    ..........             q - +5 amulet of reflection
HPRegen  0.25/turn              (no ring)
MPRegen  0.11/turn              (no ring)

@: no status effects
A: retaliatory headbutt, horns 2
a: Renounce Religion


You were on level 10 of the Dungeon.
You worshipped Makhleb.
Makhleb was aware of your devotion.
You were not hungry.

You visited 2 branches of the dungeon, and saw 11 of its levels.

You collected 446 gold pieces.

Inventory:

Hand Weapons
 a - a +2 long sword (weapon)
 B - the +12 Vampire's Tooth {vamp}
   (You found it on level 5 of the Dungeon)

   It inflicts no extra harm, but heals its wielder when it wounds a living foe.
Missiles
 d - 2 throwing nets (quivered)
Armour
 c - a +0 hat (worn)
 e - the +3 chain mail of the Game Afoot (worn) {rElec}
   (You found it on level 8 of the Dungeon)

   It insulates you from electricity.
 y - a +1 cloak of poison resistance (worn)
Jewellery
 q - a +5 amulet of reflection (around neck)
 x - an uncursed ring of magical power
 C - an uncursed ring of flight
Wands
 A - a wand of iceblast (8)
Scrolls
 i - a scroll of random uselessness {unknown}
 k - 2 scrolls of blinking {unknown}
 l - 3 scrolls of remove curse
 r - a scroll of amnesia
 s - 5 scrolls of magic mapping
 t - a scroll of noise {unknown}
 u - a scroll of fear {unknown}
 w - 2 scrolls of teleportation {unknown}
 D - a scroll of immolation {unknown}
 E - a scroll of enchant armour {unknown}
Potions
 g - a potion of might
 j - 2 potions of berserk rage
 m - 2 potions of mutation {unknown}
 n - a potion of curing
 o - a potion of agility
 p - 2 potions of heal wounds {unknown}
 v - 2 potions of resistance
 z - a potion of lignification {unknown}
 F - a potion of brilliance {unknown}
 G - 3 potions of flight {unknown}
 H - a potion of degeneration {unknown}
Comestibles
 b - 9 chunks of flesh
 f - 14 rations


   Skills:
 + Level 10.0 Fighting
 + Level 10.3 Long Blades
 - Level 2.0 Throwing
 + Level 9.7 Armour
 + Level 9.5 Dodging


You had 9 spell levels left.
You didn't know any spells.
Your spell library contained the following spells:

 Spells                   Type           Power        Failure   Level  Hunger
 Beastly Appendage        Tmut           #.....       98%         1    ##.....
 Sticks to Snakes         Tmut           #.......     99%         2    ###....
 Spider Form              Tmut/Pois      #.........   100%        3    ####...
 Ice Form                 Ice/Tmut       #.......     100%        4    #####..
 Blade Hands              Tmut           #.........   100%        5    ######.


Dungeon Overview and Level Annotations

Branches:
Dungeon (10/15)            Temple (1/1) D:7
   Lair: D:8-11         Orc: D:9-12

Altars:
Ashenzari
Cheibriados
Dithmenos
Elyvilon
Fedhas
Gozag
Hepliaklqana
Kikubaaqudgha
Makhleb
Nemelex Xobeh
Okawaru
Qazlal
Ru
Sif Muna
Trog
Uskayaw
Vehumet
Wu Jian
Xom
Yredelemnul
Zin
The Shining One


Innate Abilities, Weirdness & Mutations

You reflexively headbutt those who attack you in melee.
You have a pair of horns on your head.


Message History

The two-headed ogre hits you with a +0 giant spiked club!!
* * * LOW HITPOINT WARNING * * *
The two-headed ogre hits you but does no damage.
You barely miss the two-headed ogre.
The two-headed ogre is heavily wounded.
You hit the two-headed ogre. You headbutt the two-headed ogre.
The two-headed ogre is severely wounded.
You feel sick.
The two-headed ogre hits you with a +0 giant spiked club!
* * * LOW HITPOINT WARNING * * *
The two-headed ogre hits you with a +0 giant club.
* * * LOW HITPOINT WARNING * * *
Okay, then.
Evoke which item? (* to show all) (? for menu, Esc to quit)
Okay, then.
Okay, then.
Okay, then.
You feel better.
The two-headed ogre hits you with a +0 giant spiked club!!
You die...

..# #..# #..# #..#
#..# . #..#
....########..#
........@Oya..#
.....#######..####..
... #........ .
#@......# #.......#
........# .........#
###.......#
#......##


You could see a two-headed ogre, a worker ant and a killer bee.

Vanquished Creatures
  Harold (D:8)
  Erica (D:10)
  A two-headed ogre (D:9)
  A swamp dragon (D:8)
  A troll (D:9)
  2 hippogriffs
  2 ice beasts (D:5)
  2 sky beasts
  A necrophage (D:9)
  2 centaurs
  3 ogres
  A phantom (D:7)
  2 bullfrogs
  A wyvern skeleton (D:9)
  5 scorpions
  16 killer bees
  2 howler monkeys
  2 crimson imps
  2 bullfrog zombies (D:5)
  2 centaur skeletons
  2 centaur zombies
  7 hounds
  4 orc priests
  4 orc wizards
  Crazy Yiuf (D:3)
  3 iguanas
  6 worker ants
  A killer bee zombie (D:4)
  2 worker ant zombies
  8 gnolls
  8 adders
  2 shadow imps
  An ooze (D:3)
  An adder skeleton (D:8)
  A worm (D:4)
  2 dart slugs
  4 leopard geckos
  18 orcs
  A ball python (D:8)
  7 bats
  4 giant cockroaches
  5 goblins
  5 hobgoblins
  6 kobolds
  2 quokkas
  3 frilled lizards
  A quokka skeleton (D:9)
  3 rats (D:2)
162 creatures vanquished.

Notes
Turn   | Place    | Note
-------+----------+-------------------------------------------
     0 | D:1      | Borgoz the Minotaur Gladiator began the quest for the Orb.
     0 | D:1      | Reached XP level 1. HP: 18/18 MP: 0/0
   465 | D:1      | Reached XP level 2. HP: 25/25 MP: 1/1
   620 | D:2      | Reached skill level 1 in Armour
   922 | D:2      | Reached XP level 3. HP: 3/31 MP: 2/2
  1220 | D:2      | Found a glowing golden altar of the Shining One.
  1560 | D:3      | Found a hide-covered altar of Uskayaw.
  1789 | D:3      | Found a runed translucent door.
  1790 | D:3      | Noticed Crazy Yiuf
  2110 | D:3      | Killed Crazy Yiuf
  2110 | D:3      | Reached XP level 4. HP: 38/38 MP: 3/3
  2212 | D:4      | Reached XP level 5. HP: 31/46 MP: 4/4
  2647 | D:4      | Reached skill level 5 in Long Blades
  2656 | D:4      | Reached XP level 6. HP: 49/53 MP: 5/5
  2705 | D:4      | Reached skill level 5 in Dodging
  2836 | D:4      | You fall into a shaft and drop 2 floors!
  2865 | D:6      | Reached skill level 5 in Fighting
  2865 | D:6      | Reached XP level 7. HP: 37/61 MP: 6/6
  2991 | D:6      | Found a blossoming altar of Fedhas.
  3061 | D:5      | Entered Level 5 of the Dungeon
  3079 | D:5      | Found the +12 Vampire's Tooth {vamp}
  3083 | D:5      | Found a shadowy altar of Dithmenos.
  3164 | D:5      | Found a sacrificial altar of Ru.
  3167 | D:5      | Found a radiant altar of Vehumet.
  3170 | D:5      | Found a glowing silver altar of Zin.
  3232 | D:5      | Reached skill level 5 in Armour
  3501 | D:5      | Reached XP level 8. HP: 39/70 MP: 7/7
  4241 | D:6      | Found a snail-covered altar of Cheibriados.
  4827 | D:7      | Found a staircase to the Ecumenical Temple.
  4858 | Temple   | Entered the Ecumenical Temple
  4957 | Temple   | Became a worshipper of Makhleb the Destroyer
  5131 | D:8      | Reached XP level 9. HP: 42/79 MP: 8/8
  5706 | D:8      | Noticed Harold
  5718 | D:8      | Reached * piety under Makhleb
  5741 | D:8      | HP: 1/81 [Harold/+0 dire flail (13)]
  5749 | D:8      | Killed Harold
  6108 | D:8      | Got a bloodstained chain mail
  6119 | D:8      | Identified the +3 chain mail of the Game Afoot {rElec} (You
                  | found it on level 8 of the Dungeon)
  6154 | D:8      | Noticed a two-headed ogre
  6157 | D:8      | Noticed a swamp dragon
  6157 | D:8      | a two-headed ogre changed into a swamp dragon
  6175 | D:8      | Killed a swamp dragon
  6461 | D:9      | Reached XP level 10. HP: 85/90 MP: 9/9
  6868 | D:9      | Found a shimmering blue altar of Sif Muna.
  7085 | D:9      | Noticed a two-headed ogre
  7100 | D:9      | Killed a two-headed ogre
  7100 | D:9      | Reached skill level 10 in Long Blades
  7487 | D:10     | Entered Level 10 of the Dungeon
  7487 | D:10     | Noticed Erica
  7510 | D:10     | Killed Erica
  7513 | D:10     | Noticed a two-headed ogre
  7525 | D:10     | Reached skill level 10 in Fighting
  7532 | D:10     | Mangled by a two-headed ogre

Levels and vault maps discovered:
D:1:      onia_arrival_pentagram, layout_loops_ring
D:2:      layout_basic, lemuel_coloured_pillars_altar, serial_glass,
          glass_columns_b, glass_columns_a
D:3:      layout_basic, lemuel_crystal_altar, uniq_crazy_yiuf_cottage
D:4:      layout_loops_cross, first_ration
D:5:      layout_loops_ring, grunt_temple_overflow_cloverleaf,
          supply_closet_lemuel
D:6:      layout_rooms, fedhas_altar_2, basic_altar
D:7:      layout_rooms, minmay_temple_entry_large_hall, nicolae_sextant
D:8:      layout_rooms, uniq_harold
D:9:      layout_stronghold, led_sif_pool
D:10:     minmay_blocky_corners, layout_small_grid, lair_entry_dummy,
          grunt_tengu_nest, uniq_erica, uniq_grum, uniq_sonja
Temple:   jpeg_temple_clearing

Skill      XL: |  1  2  3  4  5  6  7  8  9 10 |
---------------+-------------------------------+-----
Armour         | 1 2 3 4 5 6 8 9 |  9.7
Long Blades    | 4 5 6 7 9 10 | 10.3
Fighting       | 3 4 5 6 7 8 10 | 10.0
Dodging        | 4 5 6 7 8 9 |  9.5
Throwing       | |  2.0

Action                   |  1- 3 |  4- 6 |  7- 9 | 10-12 || total
-------------------------+-------+-------+-------+-------++-------
Melee: Long sword        |    76 |    71 |   306 |   106 ||   559
       Headbutt          |    11 |    19 |    73 |    25 ||   128
Throw: Throwing net      |     1 |       |     1 |     1 ||     3
Evoke: Wand              |       |       |     7 |       ||     7
  Use: Potion            |       |     2 |     4 |     2 ||     8
       Scroll            |       |       |    11 |       ||    11
 Stab: Held in net/web   |     1 |       |       |     1 ||     2
       Invisible         |       |     4 |       |       ||     4
  Eat: Chunk             |     4 |     2 |    12 |     4 ||    22
Armor: Leather armour    |    14 |     3 |       |       ||    17
       Scale mail        |       |    12 |   115 |       ||   127
       Chain mail        |       |       |    21 |    51 ||    72
Dodge: Dodged            |    64 |    39 |   219 |    81 ||   403
Block: Other             |       |       |     3 |    17 ||    20
       Rpst.: Long sword |    16 |    14 |    56 |    19 ||   105

Table legend:
 A = Non-vault XP
 B = Vault XP
 C = Vault XP percentage of total XP
 D = Non-vault monster count
 E = Vault monster count
 F = Vault count percentage of total count
                 A         B        C        D         E       F
            +---------+---------+-------+---------+---------+-------
      Total |    7067 |    2009 |  22.1 |     159 |       3 |   1.9
            +---------+---------+-------+---------+---------+-------
        D:1 |      13 |       0 |   0.0 |       7 |       0 |   0.0
        D:2 |      46 |       0 |   0.0 |      21 |       0 |   0.0
        D:3 |      22 |      36 |  62.1 |       7 |       1 |  12.5
        D:4 |     512 |       0 |   0.0 |      20 |       0 |   0.0
        D:5 |     748 |       0 |   0.0 |      13 |       0 |   0.0
        D:6 |     671 |       0 |   0.0 |      19 |       0 |   0.0
        D:7 |     487 |       0 |   0.0 |      15 |       0 |   0.0
        D:8 |    1888 |    1034 |  35.4 |      24 |       1 |   4.0
        D:9 |    2434 |       0 |   0.0 |      29 |       0 |   0.0
       D:10 |     246 |     939 |  79.2 |       4 |       1 |  20.0
            +---------+---------+-------+---------+---------+-------
